cohdb
Replays
Latest Replays
All Replays
Popular Replays
Top Player Replays
Match Explorer
How It Works
Community
CoH3 Stats
Reddit
Sign in to upload your games and track your stats! →
Sign in with Steam
Match 41800577
Unlisted
Match 41800577
Overview
Messages
Build Orders
End
Royal Engineer Section
Construct Section Command Post
Infantry Section
Dingo Light Scout Car
Infantry Section
Construct Field Infirmary
Construct Platoon Command Post
Selects Air and Sea Battlegroup
Selects Commando Section Paradrop
Commando Section Paradrop
Construct Platoon Command Post
Humber Armored Car
Infantry Training
Selects M1 Pack Howitzer Paradrop
M1 Pack Howitzer Paradrop
HulkSMASH
Franz Kafka
0
0
Comments
sign in to comment!
No comments posted yet!